 Dungeon Crawl Stone Soup version 0.30-a0-605-gb2882149bf (webtiles) character file.

Game seed: 11594777633827963221

116 bmack86 the Trooper (level 4, -2/41 HPs)
             Began as a Minotaur Fighter on Jan 8, 2023.
             Killed from afar by a white imp (6 damage)
             ... with a puff of frost
             ... on level 6 of the Dungeon.
             The game lasted 00:05:05 (1815 turns).

bmack86 the Trooper (Minotaur Fighter)              Turns: 1815, Time: 00:05:06

Health: -2/41      AC: 15    Str: 23    XL:     4   Next: 70%
Magic:  3/3        EV:  6    Int:  5    God:
Gold:   70         SH:  5    Dex: 15    Spells: 3/3 levels left

rFire   . . .      SeeInvis .    a - +0 war axe
rCold   . . .      Faith    .    c - +0 buckler
rNeg    . . .      Spirit   .    m - +0 plate armour
rPois   .          Reflect  .    (helmet restricted)
rElec   .          Harm     .    (no cloak)
rCorr   .          Rampage  .    (no gloves)
Will    .....                    (no boots) Stlth
                                 (no amulet)
HPRegen 0.26/turn                e - +6 ring of dexterity
MPRegen 0.08/turn                i - +4 ring of protection

@: mesmerised
A: horns 2, retaliatory headbutt
a: no special abilities


You were on level 6 of the Dungeon.
You visited 1 branch of the dungeon, and saw 4 of its levels.

You collected 94 gold pieces.
You spent 24 gold pieces at shops.

Inventory:

Hand Weapons
 a - a +0 war axe (weapon)
Armour
 b - a +0 scale mail
 c - a +0 buckler (worn)
 m - a +0 plate armour (worn)
Jewellery
 e - a +6 ring of dexterity (left hand)
 i - a +4 ring of protection (right hand)
 q - a +6 ring of dexterity
Scrolls
 j - a scroll of teleportation {unknown}
 n - a scroll of poison {unknown}
 p - a scroll of torment {unknown}
 r - 2 scrolls of blinking {unknown}
 u - a scroll of immolation {unknown}
Potions
 d - a potion of might
 f - a potion of attraction
 g - a potion of cancellation
 h - a potion of heal wounds {unknown}
 k - 2 potions of ambrosia
 l - 2 potions of berserk rage
 o - a potion of mutation {unknown}
 s - a potion of degeneration {unknown}
 t - a potion of haste {unknown}


   Skills:
 * Level 4.7 Fighting
 * Level 4.0 Axes
 + Level 4.2 Armour
 + Level 4.3 Shields


You had 3 spell levels left.
You didn't know any spells.
Your spell library contained the following spells:

 Spells                   Type           Power      Damage    Failure   Level
 Ignite Poison            Fire/Tmut/Pois 0%         N/A       100%        3
 Inner Flame              Hex/Fire       0%         N/A       100%        3
 Kindle Blastsparks       Fire/Tloc/Air  0%         2d10      100%        3
 Ozocubu's Armour         Ice            0%         N/A       100%        3
 Cause Fear               Hex            0%         N/A       100%        4
 Fireball                 Conj/Fire      0%         3d3       100%        5
 Freezing Cloud           Conj/Ice/Air   0%         6-21      100%        5
 Iskenderun's Battlesphe  Conj           0%         2d6       100%        5
 Metabolic Englaciation   Hex/Ice        0%         N/A       100%        5
 Conjure Ball Lightning   Conj/Air       0%         3x3d6     100%        6
 Simulacrum               Ice/Necr       0%         N/A       100%        6
 Orb of Destruction       Conj           0%         9d5       100%        7
 Discord                  Hex            0%         N/A       100%        8
 Disjunction              Tloc           0%         N/A       100%        8


Dungeon Overview and Level Annotations

Branches:
Dungeon (3/15)

Altars:
Ru

Shops:
D:1 *

Annotations:
D:6 Maggie


Innate Abilities, Weirdness & Mutations

You have a pair of horns on your head.
You reflexively headbutt those who attack you in melee.


Message History

You closely miss Maggie. You headbutt Maggie!
Maggie is moderately wounded.
You barely miss the white imp.
Maggie casts a spell.
Maggie attempts to bespell you!
You are mesmerised by Maggie!
You block the white imp's attack.
You closely miss Maggie.
Maggie is moderately wounded.
You closely miss the white imp. Maggie hits you but does no damage.
The white imp barely misses you. The white imp hits you.
The white imp freezes you.
Maggie gestures wildly while chanting.
Maggie draws you further into her thrall.
You hit Maggie but do no damage.
Maggie is moderately wounded.
You hit the white imp. Maggie barely misses you.
The white imp hits you but does no damage.
You hit Maggie. Your headbutt misses Maggie.
Maggie is moderately wounded.
You slash the white imp! You block Maggie's attack.
The white imp gestures at you. The puff of frost hits you.
You hit Maggie but do no damage. Your headbutt misses Maggie.
Maggie is moderately wounded.
You hit the white imp. Maggie hits you with a +0 long sword.
The white imp hits you but does no damage. x2
Maggie hits you with a +0 long sword.
You hit Maggie.
Maggie is heavily wounded.
You completely miss the white imp. Maggie hits you with a +0 long sword.
* * * LOW HITPOINT WARNING * * *
The white imp hits you but does no damage.
You slash Maggie!
Maggie is heavily wounded.
You hit the white imp but do no damage. Maggie hits you with a +0 long sword!
* * * LOW HITPOINT WARNING * * *
The white imp gestures at you. The puff of frost hits you.
You die...

##.......##
#.........#
+.........+
#.........#
#.......# #.....#
#5@.# #@# #.# #.#
##.## #######...##
# ...........# .#
#####.#...#####.###
........## #.....#
.###.#..####.#.#.#


You could see Maggie (mesmerising) and a white imp.

Vanquished Creatures
  A gnoll (D:3)
  3 adders
  A white imp (D:6)
  2 worms (D:2)
  3 dart slugs
  An orc (D:6)
  5 ball pythons
  7 bats
  3 endoplasms
  A giant cockroach (D:2)
  4 goblins
  4 hobgoblins
  7 jackals (D:1)
  2 kobolds
  3 quokkas
  3 frilled lizards
  6 rats
56 creatures vanquished.

Notes
Turn   | Place    | Note
-------+----------+-------------------------------------------
     0 | D:1      | bmack86 the Minotaur Fighter began the quest for the Orb.
     0 | D:1      | Reached XP level 1. HP: 19/19 MP: 0/0
    96 | D:1      | Found a faded altar of an unknown god.
   101 | D:1      | Reached XP level 2. HP: 13/27 MP: 1/1
   432 | D:1      | Found Diug Nue's General Store.
   438 | D:1      | Bought a scroll of identify for 24 gold pieces
   611 | D:1      | Reached XP level 3. HP: 33/33 MP: 2/2
  1309 | D:2      | Reached XP level 4. HP: 41/41 MP: 3/3
  1720 | D:3      | You fall into a shaft and drop 3 floors!
  1731 | D:6      | Found a sacrificial altar of Ru.
  1802 | D:6      | Noticed Maggie
  1815 | D:6      | Killed from afar by a white imp

Illustrated notes

Levels and vault maps discovered:
D:1:      reono_arrival_forest_river, layout_loops_ring,
          hellmonk_ecumenical_altar_crossroads, serial_shops, shop
D:2:      layout_basic
D:3:      cheibrodos_helix_gallery, layout_loops_corners, vehumet_crystals,
          jmf_multi_god_temple
D:6:      layout_loops_corners, nicolae_ru_sacrificial_ziggurat, serial_shops,
          nicolae_square_shop, minivault_22, uniq_maggie, uniq_pikel

Skill      XL: |  1  2  3  4 |
---------------+-------------+-----
Fighting       | 4 |  4.7
Axes           | 3 4 |  4.0
Shields        | 4 |  4.3
Armour         | 4 |  4.2

Action                   |  1- 3 |  4- 6 || total
-------------------------+-------+-------++-------
Melee: War axe           |    70 |    32 ||   102
       Headbutt          |     8 |     2 ||    10
  Use: Scroll            |     3 |     1 ||     4
Armor: Scale mail        |    19 |       ||    19
       Plate armour      |    33 |    43 ||    76
Dodge: Dodged            |    33 |    18 ||    51
Block: Buckler           |    18 |    17 ||    35

Table legend: (Time is in decaauts)
 A = Elapsed time spent in this place.
 B = Non-inter-level travel time spent in this place.
 C = Inter-level travel time spent in this place.
 D = Time resting spent in this place.
 E = Time spent auto-exploring this place.
 F = Levels seen in this place.
 G = Mean time per level.
                   A        B        C        D        E       F      G
               +--------+--------+--------+--------+--------+-----+--------+
         Total |   1863 |   1847 |     16 |      0 |   1130 |   4 |  465.8 |
       Dungeon |   1863 |   1847 |     16 |      0 |   1130 |   4 |  465.8 |
               +--------+--------+--------+--------+--------+-----+--------+

Top non-repeatable levels by time:
     D:1: 781 daAuts
     D:2: 695 daAuts
     D:3: 286 daAuts
     D:6: 100 daAuts
